[Event "42nd Arco Festival 2020"]
[Site "Arco"]
[Date "2020.10.11"]
[Round "3.16"]
[White "Perman, Sergey"]
[Black "Prelati, Maurizio"]
[Result "1-0"]
[ECO "B26"]
[WhiteElo "2154"]
[BlackElo "1900"]
[Annotator "ChessBase"]
[PlyCount "80"]
[EventDate "2020.10.10"]
[EventType "swiss"]
[EventCountry "ITA"]
[SourceTitle "playchess.com"]
[Source "ChessBase"]
[SourceQuality "1"]
[TimeControl "40/5400+30:1800+30"]

1. e4 c5 2. Nc3 g6 3. g3 Nc6 4. Bg2 Bg7 5. Nge2 e5 6. O-O Nge7 7. d3 d6 8. Be3 Nd4 9. f4 O-O 10. Qd2 Rb8 11. a4 Be6 12. fxe5 dxe5 13. Nb5 a6 14. Nbxd4 cxd4 15. Bh6 Rc8 16. Bxg7 Kxg7 17. c4 dxc3 18. bxc3 Bc4 19. Rfd1 Qb6+ 20. Kh1 Rfd8 21. Rab1 Qc7 22. Qe3 Be6 23. d4 Bg4 24. Bf3 Bxf3+ 25. Qxf3 Nc6 26. Rf1 Qe7 27. d5 Na5 28. Qd3 Rc4 29. Rf3 Rd6 30. Rb4 Rc8 31. Kg2 Qc7 32. Qb1 Rd7 33. c4 Qc5 34. Nc1 Nxc4 35. Nd3 Ne3+ 36. Kh3 Nc2 37. Nxc5 Ne3 38. Nd3 Nc4 39. Kg2 Nd2 40. Rxb7 Nc4 1-0

[Event "42nd Arco Festival 2020"]
[Site "Arco"]
[Date "2020.10.11"]
[Round "3.17"]
[White "Kostov, Kiril"]
[Black "Rozman, Monika"]
[Result "0-1"]
[ECO "C45"]
[WhiteElo "1894"]
[BlackElo "2129"]
[Annotator "ChessBase"]
[PlyCount "64"]
[EventDate "2020.10.10"]
[EventType "swiss"]
[EventCountry "ITA"]
[SourceTitle "playchess.com"]
[Source "ChessBase"]
[SourceQuality "1"]
[TimeControl "40/5400+30:1800+30"]

1. e4 e5 2. Nf3 Nc6 3. d4 exd4 4. Nxd4 Bc5 5. Be3 Qf6 6. Nb5 Bxe3 7. fxe3 Qh4+ 8. g3 Qxe4 9. Nxc7+ Kd8 10. Nxa8 Nf6 11. Nc3 Qxh1 12. Qd2 Re8 13. O-O-O Qf3 14. e4 Nxe4 15. Nxe4 Qxe4 16. Qg5+ f6 17. Qxg7 Qg6 18. Qxg6 hxg6 19. Bb5 Ne5 20. Bf1 b6 21. Bg2 Ba6 22. b3 Kc8 23. Rd6 Re6 24. Rd4 Bb7 25. Bh3 f5 26. Rh4 Re8 27. Nxb6+ axb6 28. Kb2 Be4 29. Rh6 Re6 30. Bf1 Kc7 31. h4 Rd6 32. Kc3 Rc6+ 0-1

[Event "42nd Arco Festival 2020"]
[Site "Arco"]
[Date "2020.10.12"]
[Round "3.17"]
[White "Hilbenz, Guntram"]
[Black "Briata, Federico"]
[Result "0-1"]
[ECO "A34"]
[WhiteElo "1862"]
[BlackElo "2090"]
[Annotator "NA"]
[PlyCount "22"]
[EventDate "2020.10.10"]
[EventType "swiss"]
[EventCountry "ITA"]
[SourceTitle "playchess.com"]
[Source "ChessBase"]
[SourceQuality "1"]
[TimeControl "40/5400+30:1800+30"]

1. c4 c5 2. g3 Nf6 3. Bg2 d5 4. cxd5 Nxd5 5. Nc3 Nc7 6. Nf3 Nc6 7. d3 e5 8. Nd2 Bd7 9. Nc4 b5 10. Ne3 Rc8 11. O-O Be7 0-1

[Event "42nd Arco Festival 2020"]
[Site "Arco"]
[Date "2020.10.13"]
[Round "4.3"]
[White "Mantovani, Renzo"]
[Black "Rozman, Monika"]
[Result "1/2-1/2"]
[ECO "C49"]
[WhiteElo "2294"]
[BlackElo "2129"]
[Annotator "ChessBase"]
[PlyCount "84"]
[EventDate "2020.10.10"]
[EventType "swiss"]
[EventCountry "ITA"]
[SourceTitle "playchess.com"]
[Source "ChessBase"]
[SourceQuality "1"]
[TimeControl "40/5400+30:1800+30"]

1. e4 e5 2. Nf3 Nc6 3. Nc3 Nf6 4. Bb5 Bb4 5. O-O O-O 6. d3 d6 7. Bg5 Bxc3 8. bxc3 Ne7 9. Nh4 Ng6 10. Nxg6 fxg6 11. Bc4+ Kh8 12. f4 Qe8 13. Qd2 Be6 14. fxe5 Nxe4 15. dxe4 Bxc4 16. Rxf8+ Qxf8 17. Qd4 b5 18. exd6 Qxd6 19. a4 Re8 20. axb5 Qxd4+ 21. cxd4 h6 22. Bf4 Rxe4 23. Be5 Bxb5 24. c4 Bxc4 25. Rc1 Bb5 26. Rxc7 a6 27. Kf2 g5 28. Kf3 Re2 29. g4 a5 30. Bxg7+ Kh7 31. Be5+ Kg8 32. Rc5 Rb2 33. Ke4 a4 34. Rc8+ Kf7 35. Rc7+ Ke8 36. Ra7 Bd7 37. Ra8+ Ke7 38. Ra7 Rb3 39. Kd5 Rb5+ 40. Kc4 Rb2 41. Kd5 Rb5+ 42. Kc4 Rb2 1/2-1/2

[Event "42nd Arco Festival 2020"]
[Site "Arco"]
[Date "2020.10.13"]
[Round "4.4"]
[White "Perestjuk, Marko"]
[Black "Calavalle, Giulio"]
[Result "1/2-1/2"]
[ECO "B28"]
[WhiteElo "2124"]
[BlackElo "2229"]
[Annotator "ChessBase"]
[PlyCount "94"]
[EventDate "2020.10.10"]
[EventType "swiss"]
[EventCountry "ITA"]
[SourceTitle "playchess.com"]
[Source "ChessBase"]
[SourceQuality "1"]
[TimeControl "40/5400+30:1800+30"]

1. e4 c5 2. Nf3 a6 3. c3 d6 4. d4 cxd4 5. cxd4 g6 6. Nc3 Bg7 7. Be3 Nf6 8. h3 O-O 9. Bd3 Nc6 10. O-O b5 11. d5 Nb8 12. a4 b4 13. Ne2 a5 14. Ned4 Nfd7 15. Qc2 Nc5 16. Bb5 Ba6 17. Nd2 Bxd4 18. Bxd4 Bxb5 19. axb5 Qb6 20. e5 Qxb5 21. exd6 exd6 22. Nc4 Nb7 23. Ne3 Nd7 24. Qc6 Qxc6 25. dxc6 Nbc5 26. cxd7 Nxd7 27. Nc4 a4 28. Nxd6 Ra6 29. Ne4 Rc8 30. Rfc1 Rxc1+ 31. Rxc1 f5 32. Ng5 Kf8 33. Nf3 Ke7 34. Ne5 Nxe5 35. Bxe5 Ke6 36. f4 g5 37. g3 gxf4 38. gxf4 Kd5 39. Kf2 a3 40. bxa3 bxa3 41. Ke2 a2 42. Kd3 Rb6 43. Ra1 Rh6 44. Rh1 Rb6 45. Kc2 Ke4 46. h4 h5 47. Ra1 Ra6 1/2-1/2

[Event "42nd Arco Festival 2020"]
[Site "Arco"]
[Date "2020.10.13"]
[Round "4.5"]
[White "Romanishin, Oleg M"]
[Black "Poschadel, Andreas Gregor"]
[Result "1/2-1/2"]
[ECO "E60"]
[WhiteElo "2403"]
[BlackElo "1946"]
[Annotator "RC"]
[PlyCount "93"]
[EventDate "2020.10.10"]
[EventType "swiss"]
[EventCountry "ITA"]
[SourceTitle "playchess.com"]
[Source "ChessBase"]
[SourceQuality "1"]
[TimeControl "40/5400+30:1800+30"]

1. Nf3 Nf6 2. c4 g6 3. g3 Bg7 4. Bg2 O-O 5. O-O c6 6. d4 d6 7. b3 Qa5 8. Bb2 Qh5 9. Nbd2 Bh3 10. e4 Nbd7 11. Bxh3 Qxh3 12. Ng5 Qh5 13. Qxh5 Nxh5 14. f4 h6 15. Ngf3 Nhf6 16. h3 Ne8 17. e5 f5 18. Rad1 Nc7 19. Ba3 c5 20. Nb1 Rfd8 21. Rd2 b6 22. Rfd1 Bf8 23. Nc3 Ne6 24. Nd5 Kf7 25. Kg2 dxe5 26. dxe5 Nb8 27. h4 Nc6 28. Bb2 Bg7 29. Bc3 Rd7 30. a3 Rb8 31. Ne3 Rxd2+ 32. Rxd2 Rd8 33. Rxd8 Nexd8 34. b4 e6 35. bxc5 bxc5 36. Nd2 Bf8 37. Nb3 Nb7 38. Kf3 Be7 39. Ke2 Bd8 40. Kd3 Be7 41. Be1 h5 42. Nd1 Nb8 43. Bf2 Nd7 44. Nc3 a6 45. a4 Bd8 46. Be1 Bb6 47. Nd1 1/2-1/2

[Event "42nd Arco Festival 2020"]
[Site "Arco"]
[Date "2020.10.13"]
[Round "4.6"]
[White "Voltolini, Giuseppe"]
[Black "Sedina, Elena"]
[Result "1-0"]
[ECO "D12"]
[WhiteElo "2120"]
[BlackElo "2299"]
[Annotator "ChessBase"]
[PlyCount "81"]
[EventDate "2020.10.10"]
[EventType "swiss"]
[EventCountry "ITA"]
[SourceTitle "playchess.com"]
[Source "ChessBase"]
[SourceQuality "1"]
[TimeControl "40/5400+30:1800+30"]

1. d4 d5 2. c4 c6 3. Nf3 Nf6 4. e3 Bf5 5. Nc3 e6 6. Nh4 Be4 7. f3 Bg6 8. Qb3 Qc7 9. g3 Be7 10. Bd2 Nbd7 11. Be2 dxc4 12. Bxc4 b5 13. Be2 a6 14. Nxg6 hxg6 15. a4 b4 16. Ne4 Nxe4 17. fxe4 c5 18. O-O O-O 19. Rac1 a5 20. Bc4 Qd6 21. e5 Qb6 22. d5 Nxe5 23. dxe6 f6 24. e4 Nxc4 25. Qxc4 Ra6 26. Be3 Qxe6 27. Qxe6+ Rxe6 28. Bxc5 Rxe4 29. Bxe7 Rxe7 30. Rc5 Re5 31. Rxe5 fxe5 32. Rd1 e4 33. Rd4 e3 34. Re4 Rf2 35. b3 Re2 36. h4 Rc2 37. Rxe3 Rc3 38. Kf2 Rc2+ 39. Kf3 Kf7 40. Ke4 Ke6 41. Kd3+ 1-0

[Event "42nd Arco Festival 2020"]
[Site "Arco"]
[Date "2020.10.13"]
[Round "4.7"]
[White "Briata, Federico"]
[Black "De Santis, Alessio"]
[Result "1/2-1/2"]
[ECO "B42"]
[WhiteElo "2090"]
[BlackElo "2223"]
[Annotator "ChessBase"]
[PlyCount "42"]
[EventDate "2020.10.10"]
[EventType "swiss"]
[EventCountry "ITA"]
[SourceTitle "playchess.com"]
[Source "ChessBase"]
[SourceQuality "1"]
[TimeControl "40/5400+30:1800+30"]

1. e4 c5 2. Nf3 e6 3. d4 cxd4 4. Nxd4 a6 5. Bd3 Nf6 6. O-O Qc7 7. Qe2 d6 8. c4 Nbd7 9. b3 Be7 10. Bb2 b6 11. Nc3 Bb7 12. Rad1 O-O 13. Bb1 Rfe8 14. Kh1 d5 15. cxd5 exd5 16. Nxd5 Bxd5 17. exd5 Ba3 18. Qd2 Bxb2 19. Qxb2 Nxd5 20. Nf5 N5f6 21. Qd2 Nf8 1/2-1/2

[Event "42nd Arco Festival 2020"]
[Site "Arco"]
[Date "2020.10.13"]
[Round "4.8"]
[White "Ruecker, Benjamin"]
[Black "Lezzerini, Marco"]
[Result "1/2-1/2"]
[ECO "A37"]
[WhiteElo "2202"]
[BlackElo "2122"]
[Annotator "ChessBase"]
[PlyCount "197"]
[EventDate "2020.10.10"]
[EventType "swiss"]
[EventCountry "ITA"]
[SourceTitle "playchess.com"]
[Source "ChessBase"]
[SourceQuality "1"]
[TimeControl "40/5400+30:1800+30"]

1. c4 c5 2. g3 Nc6 3. Bg2 g6 4. Nc3 Bg7 5. Nf3 d6 6. O-O e6 7. e3 Nge7 8. d4 O-O 9. Re1 b6 10. b3 Bb7 11. Ba3 Rb8 12. Qd2 Re8 13. Rad1 cxd4 14. Nb5 dxe3 15. Qxe3 Nf5 16. Qc1 d5 17. cxd5 exd5 18. Rxe8+ Qxe8 19. Nc7 Qd7 20. Nxd5 Ncd4 21. Nxd4 Nxd4 22. Qc4 Bxd5 23. Bxd5 Rd8 24. Re1 b5 25. Qc5 Bf8 26. Qxd4 Bxa3 27. Rd1 Bd6 28. Qf6 Rf8 29. Bxf7+ Qxf7 30. Qxf7+ Rxf7 31. Rxd6 Kg7 32. Ra6 h5 33. h4 Rc7 34. Kg2 Rf7 35. f4 Rc7 36. Ra5 Kf6 37. Kh3 Rb7 38. b4 Ke6 39. Ra6+ Kf5 40. Rc6 Rb8 41. Kg2 Rd8 42. Rc5+ Kf6 43. a3 Rd2+ 44. Kh3 Rd3 45. Rc6+ Kf5 46. Ra6 Ke4 47. Rxg6 Kf3 48. Rc6 Rxa3 49. f5 Ra1 50. Rc3+ Kf2 51. Kh2 Ra6 52. Rc5 Rb6 53. f6 Rxf6 54. Rxb5 Rh6 55. Kh3 Kf3 56. Rf5+ Ke4 57. Rf7 a6 58. g4 hxg4+ 59. Kxg4 Rg6+ 60. Kh5 Rb6 61. Rg7 Kf5 62. Rg5+ Kf4 63. Rg6 Rb5+ 64. Kh6 Rxb4 65. Rxa6 Kf5 66. h5 Rh4 67. Ra1 Kf6 68. Rf1+ Ke7 69. Kg6 Rg4+ 70. Kh7 Rg2 71. h6 Rg3 72. Kh8 Rg2 73. Ra1 Kf7 74. Ra7+ Kf8 75. Kh7 Rg1 76. Kh8 Rg8+ 77. Kh7 Rg1 78. Ra8+ Kf7 79. Kh8 Rg2 80. Ra7+ Kf8 81. Rg7 Rh2 82. Kh7 Rf2 83. Kg6 Rg2+ 84. Kh7 Rf2 85. Ra7 Rg2 86. Ra6 Kf7 87. Ra4 Rf2 88. Ra1 Rf3 89. Kh8 Rf2 90. Kh7 Rf3 91. Ra7+ Kf8 92. Kg6 Rg3+ 93. Kf6 Rf3+ 94. Kg5 Kg8 95. Ra8+ Kh7 96. Ra7+ Kh8 97. Kg6 Rg3+ 98. Kf7 Kh7 99. Kf6+ 1/2-1/2

[Event "42nd Arco Festival 2020"]
[Site "Arco"]
[Date "2020.10.13"]
[Round "4.9"]
[White "Lochte, Thomas"]
[Black "Vezzosi, Paolo"]
[Result "1/2-1/2"]
[ECO "D35"]
[WhiteElo "2045"]
[BlackElo "2262"]
[Annotator "ChessBase"]
[PlyCount "85"]
[EventDate "2020.10.10"]
[EventType "swiss"]
[EventCountry "ITA"]
[SourceTitle "playchess.com"]
[Source "ChessBase"]
[SourceQuality "1"]
[TimeControl "40/5400+30:1800+30"]

1. d4 d5 2. c4 e6 3. Nc3 Nf6 4. Nf3 c6 5. cxd5 exd5 6. Bf4 Bf5 7. e3 Qb6 8. Qb3 Nh5 9. Bxb8 Rxb8 10. Be2 Nf6 11. Qxb6 axb6 12. Ne5 b5 13. g4 Be6 14. g5 Ne4 15. Nxe4 dxe4 16. Bg4 Bxg4 17. Nxg4 Be7 18. h4 O-O 19. Rg1 Rfd8 20. Nf6+ Bxf6 21. gxf6 g6 22. Rg4 Rd6 23. Rxe4 Rxf6 24. a4 bxa4 25. Rxa4 Rf5 26. Rb4 Kf8 27. Re5 Rxe5 28. dxe5 Ke7 29. Ke2 b5 30. Rf4 Ra8 31. Kd3 Ra1 32. Kd4 Rc1 33. Kd3 c5 34. b3 Rd1+ 35. Ke4 h5 36. Rf6 Rh1 37. Rc6 Rxh4+ 38. f4 c4 39. bxc4 bxc4 40. Rxc4 Rh1 41. Rc7+ Ke6 42. Rc6+ Ke7 43. Rc7+ 1/2-1/2

[Event "42nd Arco Festival 2020"]
[Site "Arco"]
[Date "2020.10.13"]
[Round "4.10"]
[White "Hartz, Erik"]
[Black "Trabattoni, Franco"]
[Result "1/2-1/2"]
[ECO "A05"]
[WhiteElo "2014"]
[BlackElo "2246"]
[Annotator "ChessBase"]
[PlyCount "72"]
[EventDate "2020.10.10"]
[EventType "swiss"]
[EventCountry "ITA"]
[SourceTitle "playchess.com"]
[Source "ChessBase"]
[SourceQuality "1"]
[TimeControl "40/5400+30:1800+30"]

1. Nf3 Nf6 2. b3 g6 3. g3 Bg7 4. Bb2 O-O 5. Bg2 d5 6. O-O c5 7. d4 cxd4 8. Nxd4 Nc6 9. Nxc6 bxc6 10. Nd2 a5 11. c4 Ba6 12. Rc1 e6 13. Re1 Qb6 14. c5 Qb7 15. Be5 Rfd8 16. e3 Nd7 17. Bxg7 Kxg7 18. e4 Qc7 19. exd5 exd5 20. Nf3 Re8 21. Qd4+ f6 22. Ng5 Nf8 23. Bh3 h6 24. Ne6+ Nxe6 25. Bxe6 Re7 26. Re3 Rae8 27. Rce1 Bc8 28. Bxc8 Rxe3 29. Rxe3 Qxc8 30. b4 Rxe3 31. fxe3 axb4 32. Qxb4 Qa6 33. a4 Qe2 34. Qb7+ Kf8 35. Qc8+ Kf7 36. Qd7+ Kf8 1/2-1/2

[Event "42nd Arco Festival 2020"]
[Site "Arco"]
[Date "2020.10.13"]
[Round "4.11"]
[White "Felgendreher, Heiko"]
[Black "Bergero, Simone"]
[Result "0-1"]
[ECO "C45"]
[WhiteElo "2230"]
[BlackElo "1961"]
[Annotator "ChessBase"]
[PlyCount "66"]
[EventDate "2020.10.10"]
[EventType "swiss"]
[EventCountry "ITA"]
[SourceTitle "playchess.com"]
[Source "ChessBase"]
[SourceQuality "1"]
[TimeControl "40/5400+30:1800+30"]

1. e4 e5 2. Nf3 Nc6 3. d4 exd4 4. Nxd4 Bc5 5. Be3 Qf6 6. c3 Nge7 7. g3 b6 8. Bg2 Bb7 9. O-O O-O-O 10. b4 Bxd4 11. Bxd4 Nxd4 12. cxd4 h5 13. f4 h4 14. g4 h3 15. Bh1 Rh4 16. Nc3 Qg6 17. Bf3 f5 18. Qe1 Rdh8 19. Qg3 fxe4 20. Be2 Nd5 21. Nb5 a6 22. f5 Qf6 23. g5 Qf8 24. Nc3 Qxb4 25. Nxd5 Bxd5 26. Qe5 Bb7 27. Rac1 d6 28. Qxg7 c5 29. dxc5 dxc5 30. Rcd1 e3 31. Qd7+ Kb8 32. Bf3 Qg4+ 33. Kh1 Bxf3+ 0-1

[Event "42nd Arco Festival 2020"]
[Site "Arco"]
[Date "2020.10.13"]
[Round "4.12"]
[White "Perez Bolanos, Joel"]
[Black "Heinert, Eugen"]
[Result "0-1"]
[ECO "C01"]
[WhiteElo "2011"]
[BlackElo "2204"]
[Annotator "ChessBase"]
[PlyCount "92"]
[EventDate "2020.10.10"]
[EventType "swiss"]
[EventCountry "ITA"]
[SourceTitle "playchess.com"]
[Source "ChessBase"]
[SourceQuality "1"]
[TimeControl "40/5400+30:1800+30"]

1. e4 e6 2. d4 d5 3. Bd3 dxe4 4. Bxe4 Nf6 5. Bf3 c5 6. Ne2 e5 7. dxe5 Qxd1+ 8. Kxd1 Ng4 9. Bxg4 Bxg4 10. f3 Bf5 11. Nbc3 Nc6 12. Ng3 O-O-O+ 13. Bd2 Be6 14. Re1 h5 15. f4 h4 16. Nge4 h3 17. g3 Nd4 18. Kc1 b6 19. Ng5 Be7 20. Nxe6 fxe6 21. Ne4 g5 22. c3 Nf3 23. Re2 Nxd2 24. Rxd2 gxf4 25. gxf4 Rhg8 26. Ng3 Rdf8 27. Kc2 Rxf4 28. Re1 Bh4 29. Rg1 Rf3 30. Rf1 Rgxg3 31. hxg3 Rxf1 32. gxh4 Rf4 33. Rh2 Rxh4 34. Kd3 c4+ 35. Ke3 Kd7 36. Kf3 Kc6 37. Kg3 Rh7 38. Kf4 a5 39. a4 Kc5 40. Kg5 Kd5 41. Kf6 Ke4 42. Kxe6 Rh6+ 43. Kd7 Kxe5 44. Kc7 Kf4 45. Rxh3 Rxh3 46. Kxb6 Rh5 0-1

[Event "42nd Arco Festival 2020"]
[Site "Arco"]
[Date "2020.10.13"]
[Round "4.13"]
[White "Schoebel-Kroehn, Lucas"]
[Black "Urh, Zala"]
[Result "1/2-1/2"]
[ECO "C90"]
[WhiteElo "1964"]
[BlackElo "2195"]
[Annotator "ChessBase"]
[PlyCount "91"]
[EventDate "2020.10.10"]
[EventType "swiss"]
[EventCountry "ITA"]
[SourceTitle "playchess.com"]
[Source "ChessBase"]
[SourceQuality "1"]
[TimeControl "40/5400+30:1800+30"]

1. e4 e5 2. Nf3 Nc6 3. Bb5 a6 4. Ba4 Nf6 5. d3 b5 6. Bb3 Be7 7. O-O O-O 8. Re1 d6 9. c3 Na5 10. Bc2 c5 11. Nbd2 Nc6 12. Nf1 Be6 13. d4 cxd4 14. cxd4 exd4 15. Nxd4 Nxd4 16. Qxd4 Rc8 17. Bb3 d5 18. exd5 Bc5 19. Qd3 Nxd5 20. Bxd5 Bxd5 21. Be3 Bb4 22. Bd2 Bd6 23. Bc3 Bc4 24. Qd4 f6 25. Ne3 Qc7 26. Nxc4 bxc4 27. h3 Rfd8 28. Qd5+ Kh8 29. Qf5 Bc5 30. Re4 Qd7 31. Qh5 Bf8 32. Rae1 Qb5 33. Qxb5 axb5 34. Ba5 Rd7 35. Re8 Rxe8 36. Rxe8 Kg8 37. Bb4 Rf7 38. Rb8 g6 39. Kf1 Kg7 40. Bxf8+ Rxf8 41. Rxb5 Rc8 42. Rb7+ Kh6 43. a4 c3 44. bxc3 Rxc3 45. a5 Ra3 46. Ra7 1/2-1/2

[Event "42nd Arco Festival 2020"]
[Site "Arco"]
[Date "2020.10.13"]
[Round "4.14"]
[White "Podetti, Davide"]
[Black "Zschiesing, Falk"]
[Result "1-0"]
[ECO "C50"]
[WhiteElo "2190"]
[BlackElo "1936"]
[Annotator "ChessBase"]
[PlyCount "63"]
[EventDate "2020.10.10"]
[EventType "swiss"]
[EventCountry "ITA"]
[SourceTitle "playchess.com"]
[Source "ChessBase"]
[SourceQuality "1"]
[TimeControl "40/5400+30:1800+30"]

1. e4 d6 2. d4 Nf6 3. Nc3 e5 4. Nf3 exd4 5. Nxd4 Be7 6. Bc4 O-O 7. O-O Nc6 8. Re1 Ne5 9. Bf1 Re8 10. f4 Ng6 11. g3 Bf8 12. Bg2 a6 13. a4 a5 14. b3 c6 15. h3 Qc7 16. Bb2 Bd7 17. Qd2 Rad8 18. Qf2 Qc8 19. Kh2 Qc7 20. Rad1 Qb8 21. Nf3 b5 22. axb5 cxb5 23. Nd4 b4 24. Nd5 Nxd5 25. exd5 Be7 26. Nc6 Bxc6 27. dxc6 Qc7 28. Bd4 Rb8 29. f5 Ne5 30. Bxe5 dxe5 31. Rd7 Qc8 32. Rxe5 1-0

[Event "42nd Arco Festival 2020"]
[Site "Arco"]
[Date "2020.10.13"]
[Round "4.15"]
[White "Perman, Sergey"]
[Black "Monducci, Mirko"]
[Result "1-0"]
[ECO "B19"]
[WhiteElo "2154"]
[BlackElo "1885"]
[Annotator "ChessBase"]
[PlyCount "109"]
[EventDate "2020.10.10"]
[EventType "swiss"]
[EventCountry "ITA"]
[SourceTitle "playchess.com"]
[Source "ChessBase"]
[SourceQuality "1"]
[TimeControl "40/5400+30:1800+30"]

1. e4 c6 2. d4 d5 3. Nd2 dxe4 4. Nxe4 Bf5 5. Ng3 Bg6 6. h4 h6 7. Nf3 Nd7 8. h5 Bh7 9. Bd3 Bxd3 10. Qxd3 e6 11. Bf4 Qa5+ 12. Bd2 Bb4 13. Ne4 Bxd2+ 14. Nfxd2 Qb4 15. a3 Qe7 16. Qg3 Ngf6 17. Qxg7 O-O-O 18. Qxf7 Rde8 19. Qxe7 Rxe7 20. O-O-O Nxe4 21. Nxe4 Kc7 22. Rde1 Rf8 23. f3 Rg7 24. Re2 b6 25. Nd2 Rf6 26. g4 Nf8 27. Re3 Rd7 28. c3 Nh7 29. Ne4 Rf8 30. Rhe1 Rdf7 31. Rf1 Rf4 32. Rf2 Nf6 33. Nxf6 R8xf6 34. Kd2 Rxg4 35. Rxe6 Rxd4+ 36. cxd4 Rxe6 37. Rg2 Rf6 38. Rg7+ Kd8 39. Rg6 Rxf3 40. Rxc6 Rh3 41. Rxh6 Kd7 42. Rh8 Ke7 43. h6 Kf7 44. h7 Kg6 45. Rg8+ Kxh7 46. Rg4 Kh8 47. Rg5 Kh7 48. d5 Kh6 49. Rg4 Kh5 50. Rg7 Rb3 51. Kc2 Rb5 52. Rd7 Kg5 53. b4 Kf5 54. Kc3 Ke5 55. Kc4 1-0

[Event "42nd Arco Festival 2020"]
[Site "Arco"]
[Date "2020.10.13"]
[Round "4.17"]
[White "Kostov, Kiril"]
[Black "Cardili, Mariano"]
[Result "1/2-1/2"]
[ECO "B19"]
[WhiteElo "1894"]
[BlackElo "2087"]
[Annotator "ChessBase"]
[PlyCount "46"]
[EventDate "2020.10.10"]
[EventType "swiss"]
[EventCountry "ITA"]
[SourceTitle "playchess.com"]
[Source "ChessBase"]
[SourceQuality "1"]
[TimeControl "40/5400+30:1800+30"]

1. e4 c6 2. d4 d5 3. Nc3 dxe4 4. Nxe4 Bf5 5. Ng3 Bg6 6. h4 h6 7. h5 Bh7 8. Nf3 Nd7 9. Bd3 Bxd3 10. Qxd3 e6 11. Bd2 Ngf6 12. O-O-O Be7 13. Kb1 O-O 14. Ne4 Nxe4 15. Qxe4 Nf6 16. Qe2 Qd5 17. Be3 b5 18. Ne5 Bd6 19. Bc1 Qe4 20. Qxe4 Nxe4 21. Nd3 Rfd8 22. g4 Be7 23. c3 Rac8 1/2-1/2

[Event "42nd Arco Festival 2020"]
[Site "Arco"]
[Date "2020.10.14"]
[Round "5.3"]
[White "Calavalle, Giulio"]
[Black "Voltolini, Giuseppe"]
[Result "0-1"]
[ECO "B02"]
[WhiteElo "2229"]
[BlackElo "2120"]
[Annotator "RC"]
[PlyCount "92"]
[EventDate "2020.10.10"]
[EventType "swiss"]
[EventCountry "ITA"]
[SourceTitle "playchess.com"]
[Source "ChessBase"]
[SourceQuality "1"]
[TimeControl "40/5400+30:1800+30"]

1. e4 Nf6 2. Nc3 d5 3. e5 Nfd7 4. e6 fxe6 5. d4 Nf6 6. Nf3 g6 7. h4 Bg7 8. Ne5 c5 9. h5 Qa5 10. Bd2 cxd4 11. Bb5+ Kf8 12. Ne2 Qxb5 13. h6 Nc6 14. hxg7+ Kxg7 15. Nxd4 Qxb2 16. Bh6+ Kg8 17. Ndxc6 bxc6 18. f4 Qc3+ 19. Kf1 Ne4 20. Rh3 Qc5 21. Qe2 Ba6 22. Nd3 Rb8 23. Nxc5 Bxe2+ 24. Kxe2 Nxc5 25. f5 exf5 26. Bf4 Kf7 27. Bxb8 Rxb8 28. Rxh7+ Kf6 29. Rh3 d4 30. Ra3 Rb7 31. Ra5 Ne4 32. Ra6 Rc7 33. Kf3 e5 34. Rh1 Nc5 35. Ra5 Ne6 36. Rh8 e4+ 37. Kf2 f4 38. Ra4 c5 39. Ra6 Re7 40. Rc6 Ke5 41. Ra6 Kd5 42. Rg8 d3 43. cxd3 exd3 44. Rxg6 c4 45. Ra5+ Kd4 46. Ke1 Nf8+ 0-1

[Event "42nd Arco Festival 2020"]
[Site "Arco"]
[Date "2020.10.15"]
[Round "6.2"]
[White "Voltolini, Giuseppe"]
[Black "Heinert, Eugen"]
[Result "0-1"]
[ECO "E04"]
[WhiteElo "2120"]
[BlackElo "2204"]
[Annotator "ChessBase"]
[PlyCount "82"]
[EventDate "2020.10.10"]
[EventType "swiss"]
[EventCountry "ITA"]
[SourceTitle "playchess.com"]
[Source "ChessBase"]
[SourceQuality "1"]
[TimeControl "40/5400+30:1800+30"]

1. d4 Nf6 2. c4 Nc6 3. Nf3 e6 4. g3 d5 5. Bg2 dxc4 6. Qa4 Bb4+ 7. Bd2 Bd6 8. Nc3 O-O 9. Qxc4 a6 10. e4 e5 11. d5 Ne7 12. h3 c6 13. dxc6 Be6 14. Qe2 Nxc6 15. O-O Rc8 16. Rfd1 Nd4 17. Nxd4 exd4 18. Nd5 Nxd5 19. exd5 Bf5 20. Qf3 Qd7 21. g4 Bc2 22. Re1 Qb5 23. b3 Qd3 24. Qxd3 Bxd3 25. Rac1 Bc2 26. Be4 d3 27. Rf1 Rfe8 28. Rce1 Re7 29. Bf5 Rce8 30. Rxe7 Rxe7 31. Re1 Rxe1+ 32. Bxe1 Bf4 33. Kf1 Bb1 34. a4 g6 35. Be4 g5 36. d6 Bxd6 37. Bd2 b6 38. Bb7 a5 39. Ba6 Bc2 40. Bc4 Kf8 41. Bxg5 Bb4 0-1

[Event "42nd Arco Festival 2020"]
[Site "Arco"]
[Date "2020.10.15"]
[Round "6.4"]
[White "Romanishin, Oleg M"]
[Black "Rozman, Monika"]
[Result "1-0"]
[ECO "D79"]
[WhiteElo "2403"]
[BlackElo "2129"]
[Annotator "RC"]
[PlyCount "87"]
[EventDate "2020.10.10"]
[EventType "swiss"]
[EventCountry "ITA"]
[SourceTitle "playchess.com"]
[Source "ChessBase"]
[SourceQuality "1"]
[TimeControl "40/5400+30:1800+30"]

1. Nf3 Nf6 2. g3 g6 3. Bg2 Bg7 4. c4 c6 5. d4 O-O 6. O-O d5 7. cxd5 cxd5 8. Ne5 Nc6 9. Nc3 Bf5 10. Nxc6 bxc6 11. Na4 Nd7 12. Bf4 e5 13. dxe5 Nxe5 14. Rc1 Rc8 15. b3 Re8 16. Qd2 Qe7 17. Rfe1 Nd7 18. Be3 Nf6 19. Nc5 Ng4 20. Bd4 Bh6 21. e3 Bg7 22. Bxg7 Kxg7 23. e4 dxe4 24. Nxe4 Qd8 25. Nd6 Rxe1+ 26. Rxe1 Rb8 27. Re8 Qxd6 28. Qxd6 Rxe8 29. Qd4+ Kg8 30. Qd2 Ne5 31. Qc3 Nd3 32. Bf1 Ne5 33. h3 Be4 34. Bg2 Bf5 35. g4 Bb1 36. Qe3 Re6 37. Qxa7 Nd3 38. a4 Re1+ 39. Kh2 c5 40. a5 h5 41. gxh5 gxh5 42. a6 Re2 43. Qb8+ Kh7 44. a7 1-0

[Event "42nd Arco Festival 2020"]
[Site "Arco"]
[Date "2020.10.14"]
[Round "6.11"]
[White "Molina, Fabrizio"]
[Black "Wollenweber, Carsten"]
[Result "1-0"]
[ECO "A25"]
[WhiteElo "2181"]
[BlackElo "2071"]
[Annotator "ChessBase"]
[PlyCount "81"]
[EventDate "2020.10.10"]
[EventType "swiss"]
[EventCountry "ITA"]
[SourceTitle "playchess.com"]
[Source "ChessBase"]
[SourceQuality "1"]
[TimeControl "40/5400+30:1800+30"]

1. c4 g6 2. g3 e5 3. Bg2 Bg7 4. Nc3 Nc6 5. Rb1 d6 6. b4 Rb8 7. d3 f5 8. b5 Nce7 9. Qa4 Ra8 10. b6+ c6 11. Nd5 Nxd5 12. cxd5 Bd7 13. dxc6 bxc6 14. b7 Rb8 15. Qxa7 Ne7 16. Bd2 O-O 17. Ba5 Qe8 18. Nh3 f4 19. Ng5 d5 20. O-O h6 21. Nf3 e4 22. dxe4 dxe4 23. Nd2 f3 24. exf3 exf3 25. Nxf3 Nd5 26. Rfe1 Qf7 27. Ne5 Qf5 28. Nxd7 Qxd7 29. Bxd5+ cxd5 30. Bd2 g5 31. a4 d4 32. a5 Qf5 33. Rf1 Be5 34. Qc5 Qf6 35. Qd5+ Kg7 36. Rb6 Qf5 37. Re6 Rbe8 38. Rxe8 Rxe8 39. a6 Qf6 40. a7 Rd8 41. Qe4 1-0

[Event "42nd Arco Festival 2020"]
[Site "Arco"]
[Date "2020.10.15"]
[Round "6.14"]
[White "Perman, Sergey"]
[Black "Kostov, Deyan Samuil"]
[Result "1/2-1/2"]
[ECO "A29"]
[WhiteElo "2154"]
[BlackElo "2065"]
[Annotator "NA"]
[PlyCount "53"]
[EventDate "2020.10.10"]
[EventType "swiss"]
[EventCountry "ITA"]
[SourceTitle "playchess.com"]
[Source "ChessBase"]
[SourceQuality "1"]
[TimeControl "40/5400+30:1800+30"]

1. c4 e5 2. g3 Nf6 3. Bg2 d5 4. cxd5 Nxd5 5. Nc3 Nb6 6. Nf3 Nc6 7. O-O Be7 8. d3 O-O 9. a4 a5 10. Be3 Be6 11. d4 exd4 12. Nxd4 Nxd4 13. Qxd4 Qxd4 14. Bxd4 c5 15. Be3 Nc4 $11 16. Nd5 Bxd5 17. Bxd5 Nxe3 18. fxe3 Bf6 19. Rac1 Rae8 20. Rf3 b6 21. b3 Bg5 22. Rc3 h5 23. h4 Bf6 24. Rd3 Be5 25. Kg2 g6 26. Bc4 Re7 27. Rf1 1/2-1/2